 Dungeon Sprint DCSS version bcrawl-1.23 (webtiles) character file.

Game seed: 4862621852588756121

4086 Freyura the Warrior (level 10, -1/111 HPs)
             Began as a Hill Orc Fighter on May 24, 2020.
             Was a Follower of Ru.
             Slain by a seven-headed hydra (9 damage)
             ... in the Dungeon (Sprint IX: "|||||||||||||||||||||||||||||").
             The game lasted 00:08:18 (1179 turns).

Freyura the Warrior (Hill Orc Fighter)              Turns: 1179, Time: 00:08:18

Health: -1/111     AC: 13    Str: 23    XL:     10   Next: 25%
Magic:  10/10      EV:  5    Int:  8    God:    Ru [*.....]
Gold:   2          SH: 12    Dex: 16    Spells: 9/9 levels left

rFire    . . .     SeeInvis .   d - +5 flail
rCold    . . .     Gourm    .   c - +0 medium shield
rNeg     . . .     Faith    .   q - +1 chain mail
rPois    .         Spirit   .   o - +2 helmet
rElec    .         Reflect  .   p - +2 cloak
rCorr    .         Harm     .   (no gloves)
MR       .....     NoTele   +   (no boots)
Stlth    ..........             (no amulet)
HPRegen  0.28/turn              r - +3 ring of dexterity
MPRegen  0.12/turn              s - +3 ring of strength

@: no status effects
A: talons 1, reduced AC 1, MP-powered wands
a: Renounce Religion


You were in the Dungeon.
You worshipped Ru.
Ru was aware of your devotion.
You were not hungry.

You visited 1 branch You collected 2 gold pieces.

Inventory:

Hand Weapons
 b - the cursed +1 great sword of Vaemyiwu {slice, *Noise +Fly rN+ Int+3}
   (You found it in the Dungeon)

   It inflicts extra damage upon your enemies.
   It affects your intelligence (+3).
   It protects you from negative energy.
   It lets you fly.
   It may make noises in combat.
   It has a curse placed upon it.
 d - a +5 flail (weapon)
 n - the +2 scimitar "Titwad" {speed, Str+6 Stlth-}
   (You found it in the Dungeon)

   Attacks with this weapon are significantly faster.
   It affects your strength (+6).
   It makes you less stealthy.
Armour
 c - a +0 medium shield (worn)
 o - a +2 helmet (worn)
 p - a +2 cloak (worn)
 q - a +1 chain mail (worn)
Jewellery
 r - a +3 ring of dexterity (left hand)
 s - a +3 ring of strength (right hand)
Wands
 m - a wand of iceblast (10)
Scrolls
 j - 3 scrolls of remove curse
 k - 2 scrolls of blinking
 l - 2 scrolls of amnesia
 t - 4 scrolls of enchant weapon
 v - a scroll of fear
Potions
 f - 9 potions of curing
 h - a potion of haste
 i - 4 potions of magic
Comestibles
 e - a ration {!d}


   Skills:
 * Level 17.5 Fighting
   Level 17.5 Short Blades
   Level 17.5 Long Blades
   Level 17.5 Axes
   Level 17.5 Maces & Flails
   Level 17.5 Polearms
   Level 17.5 Staves
 + Level 8.0 Armour
 + Level 8.0 Shields
   Level 17.5 Unarmed Combat


You had 9 spell levels left.
You didn't know any spells.
Your spell library was empty.

Dungeon Overview and Level Annotations

Branches:
Dungeon (1/1)

Altars:
Cheibriados
Dithmenos
Elyvilon
Fedhas
Gozag
Hepliaklqana
Kikubaaqudgha
Lugonu
Makhleb
Nemelex Xobeh
Okawaru
Qazlal
Ru
Sif Muna
Trog
Uskayaw
Vehumet
Wu Jian
Xom
Yredelemnul
Zin
The Shining One
Beogh
Jiyva


Innate Abilities, Weirdness & Mutations

You take slightly more damage. (AC -5)
You have sharp toenails.
You expend magic power (3 MP) to strengthen your wands.


Message History

You claw the seven-headed hydra, but do no damage.
The seven-headed hydra is heavily wounded.
The seven-headed hydra bites you.
You block the seven-headed hydra's attack. x3
The seven-headed hydra bites you!
* * * LOW HITPOINT WARNING * * *
The seven-headed hydra bites you but does no damage.
The seven-headed hydra bites you.
* * * LOW HITPOINT WARNING * * *
You hit the seven-headed hydra. You claw the seven-headed hydra.
The seven-headed hydra is heavily wounded.
You block the seven-headed hydra's attack.
The seven-headed hydra bites you.
* * * LOW HITPOINT WARNING * * *
The seven-headed hydra bites you.
* * * LOW HITPOINT WARNING * * *
You block the seven-headed hydra's attack.
The seven-headed hydra bites you but does no damage.
The seven-headed hydra bites you!
You die...

▓_▓.▓
▓_▓.▓.▓
▓_▓.▓r▓
▓_▓.▓l▓
▓_▓.▓F▓
▓_▓.▓r▓
▓_▓.▓D▓
▓_▓.▓D▓
▓_▓.▓@▓
▓_▓.▓.▓
▓_▓.▓.▓
▓_▓.▓.▓
▓_▓.▓.▓
▓_▓.▓.▓
▓_▓.▓.▓
▓_▓.▓.▓
▓_▓.▓.▓


You could see a seven-headed hydra, a six-headed hydra, a basilisk, a blink frog
and 2 porcupines.

Vanquished Creatures
  A death yak (D)
  An unseen horror (D)
  2 ugly things (D)
  A cane toad (D)
  2 komodo dragons (D)
  A blink frog (D)
  A hippogriff (D)
  2 yaks (D)
  2 water moccasins (D)
  A porcupine (D)
  An orc warrior (D)
  2 centaurs (D)
  A bullfrog (D)
  A wight (D)
  A howler monkey (D)
  2 crimson imps (D)
  A hound (D)
  A gnoll (D)
  An adder (D)
  A worm (D)
  A leopard gecko (D)
  A goblin (D)
  3 hobgoblins (D)
  2 jackal zombies (D)
  A quokka zombie (D)
34 creatures vanquished.

Notes
Turn   | Place    | Note
-------+----------+-------------------------------------------
     0 | D        | Freyura the Hill Orc Fighter began the quest for the Orb.
     0 | D        | Reached XP level 1. HP: 20/20 MP: 1/1
    14 | D        | Reached skill level 5 in Fighting
    26 | D        | Reached XP level 2. HP: 17/29 MP: 2/2
   166 | D        | Reached skill level 7 in Fighting
   166 | D        | Reached XP level 3. HP: 34/39 MP: 3/3
   175 | D        | Found a roughly hewn altar of Beogh.
   175 | D        | Found a snail-covered altar of Cheibriados.
   175 | D        | Found a shadowy altar of Dithmenos.
   175 | D        | Found a white marble altar of Elyvilon.
   175 | D        | Found a blossoming altar of Fedhas.
   175 | D        | Found an opulent altar of Gozag.
   176 | D        | Found a hazy altar of Hepliaklqana.
   177 | D        | Found a viscous altar of Jiyva.
   178 | D        | Found an ancient bone altar of Kikubaaqudgha.
   179 | D        | Found a corrupted altar of Lugonu.
   180 | D        | Found a burning altar of Makhleb.
   181 | D        | Found a sparkling altar of Nemelex Xobeh.
   182 | D        | Found an iron altar of Okawaru.
   183 | D        | Found a stormy altar of Qazlal.
   184 | D        | Found a sacrificial altar of Ru.
   185 | D        | Found a shimmering blue altar of Sif Muna.
   186 | D        | Found a bloodstained altar of Trog.
   187 | D        | Found a hide-covered altar of Uskayaw.
   188 | D        | Found a radiant altar of Vehumet.
   189 | D        | Found an ornate altar of the Wu Jian Council.
   190 | D        | Found a shimmering altar of Xom.
   191 | D        | Found a basalt altar of Yredelemnul.
   192 | D        | Found a glowing silver altar of Zin.
   193 | D        | Found a glowing golden altar of the Shining One.
   210 | D        | Got the +2 scimitar "Titwad" {speed, Str+6 Stlth-}
   245 | D        | Noticed an orc warrior
   245 | D        | Noticed a centaur
   246 | D        | Reached XP level 4. HP: 48/48 MP: 4/4
   254 | D        | Killed a centaur
   254 | D        | Reached skill level 9 in Fighting
   254 | D        | Reached XP level 5. HP: 57/57 MP: 5/5
   258 | D        | Killed an orc warrior
   258 | D        | Reached skill level 10 in Fighting
   258 | D        | Reached XP level 6. HP: 62/67 MP: 6/6
   261 | D        | Reached skill level 11 in Fighting
   310 | D        | Became a worshipper of Ru the Awakened
   339 | D        | Noticed a cyan ugly thing
   339 | D        | Noticed a purple ugly thing
   342 | D        | Reached skill level 12 in Fighting
   345 | D        | Reached XP level 7. HP: 78/78 MP: 7/7
   355 | D        | Killed a purple ugly thing
   355 | D        | Reached skill level 14 in Fighting
   355 | D        | Reached XP level 8. HP: 69/89 MP: 8/8
   362 | D        | Killed a green ugly thing
   362 | D        | Reached skill level 15 in Fighting
   375 | D        | Killed an unseen horror
   375 | D        | Reached skill level 16 in Fighting
   375 | D        | Reached XP level 9. HP: 36/100 MP: 9/9
   736 | D        | Got the cursed +1 great sword of Vaemyiwu {slice, *Noise
                  | +Fly rN+ Int+3}
   753 | D        | Noticed a komodo dragon
   754 | D        | Noticed a death yak
   768 | D        | Killed a komodo dragon
   778 | D        | HP: 4/101 [death yak (16)]
   780 | D        | Gained mutation: You take slightly more damage. (AC -5) [Ru
                  | sacrifice]
   780 | D        | Reached * piety under Ru
   804 | D        | Killed a death yak
   822 | D        | Reached skill level 17 in Fighting
   833 | D        | Reached XP level 10. HP: 21/111 MP: 10/10
  1151 | D        | Gained mutation: Armour fits poorly on your strangely
                  | shaped body. [potion of mutation]
  1151 | D        | Gained mutation: You are agile. (Dex +2) [potion of
                  | mutation]
  1151 | D        | Gained mutation: You have a pair of small horns on your
                  | head. [potion of mutation]
  1152 | D        | Lost mutation: You are agile. (Dex +2) [potion of mutation]
  1152 | D        | Lost mutation: You have a pair of small horns on your head.
                  | [potion of mutation]
  1152 | D        | Lost mutation: Armour fits poorly on your strangely shaped
                  | body. [potion of mutation]
  1152 | D        | Gained mutation: You expend magic power (3 MP) to
                  | strengthen your wands. [potion of mutation]
  1152 | D        | Gained mutation: You have sharp toenails. [potion of
                  | mutation]
  1158 | D        | Noticed a seven-headed hydra
  1158 | D        | Noticed a cane toad
  1161 | D        | Killed a cane toad
  1168 | D        | Noticed a six-headed hydra
  1179 | D        | Slain by a seven-headed hydra

Skill      XL: |  1  2  3  4  5  6  7  8  9 10 |
---------------+-------------------------------+-----
Fighting       | 5 7 9 10 12 14 16 17 | 17.5
Armour         | 7 8 |  8.0
Shields        | 7 8 |  8.0
Short Blades   | | 17.5
Long Blades    | | 17.5
Axes           | | 17.5
Maces & Flails | | 17.5
Polearms       | | 17.5
Staves         | | 17.5
Unarmed Combat | | 17.5

Action                   |  1- 3 |  4- 6 |  7- 9 | 10-12 || total
-------------------------+-------+-------+-------+-------++-------
Melee: Flail             |    33 |       |       |     5 ||    38
       Scimitar          |     1 |    24 |    87 |    15 ||   127
       Kick              |       |       |       |    13 ||    13
Invok: Sacrifice Health  |       |       |     1 |       ||     1
  Use: Potion            |     3 |       |     5 |     2 ||    10
       Scroll            |       |       |     4 |       ||     4
 Stab: Invisible         |       |     4 |       |       ||     4
  Eat: Chunk             |       |       |       |     1 ||     1
Armor: Scale mail        |     8 |       |       |       ||     8
       Chain mail        |       |     5 |    15 |     5 ||    25
Dodge: Dodged            |    11 |       |     3 |       ||    14
Block: Medium shield     |     9 |    13 |    34 |    13 ||    69
